TOP OF THE 1ST |
Durham Rapiers batting - Pitching for Phoenix Hotspur Youth : RHP Jake Lambright
|
Pitching: RHP Jake Lambright
|
|
Batting: RHB Esteban Garza
|
0-0: Ball 1-0: Fly out, F8 (Flyball, 8RS)
|
Batting: LHB Evan Nelson
|
0-0: Foul Ball, location: 2F 0-1: Called Strike 0-2: Hit by Pitch
|
Batting: RHB Luis Tapia
|
0-0: Ball Evan Nelson steals 2nd base 1-0: Foul Ball, location: 2F 1-1: Fly out, F9 (Flyball, 89D) Runner from 2nd tags up, SAFE at 3rd, no throw
|
Batting: RHB Harrison Blackford
|
0-0: Foul Ball, location: 2F 0-1: Ball 1-1: Called Strike 1-2: Fly out, F4 (Popup, 4D)
|
Top of the 1st over - 0 run(s), 0 hit(s), 0 error(s), 1 left on base; Durham 0 - Phoenix Hotspur 0 |
BOTTOM OF THE 1ST |
Phoenix Hotspur Youth batting - Pitching for Durham Rapiers : RHP Luis Cardona
|
Pitching: RHP Luis Cardona
|
|
Batting: LHB Arthur Ryan
|
0-0: Called Strike 0-1: Foul Ball, location: 2F 0-2: Strikes out looking
|
Batting: RHB António Padilla
|
0-0: Swinging Strike 0-1: Fly out, F9 (Flyball, 89D)
|
Batting: LHB Derek Blair
|
0-0: Called Strike 0-1: Swinging Strike 0-2: Foul Ball, location: 2F 0-2: Ball 1-2: Strikes out swinging
|
Bottom of the 1st over - 0 run(s), 0 hit(s), 0 error(s), 0 left on base; Durham 0 - Phoenix Hotspur 0 |
TOP OF THE 2ND |
Durham Rapiers batting - Pitching for Phoenix Hotspur Youth : RHP Jake Lambright
|
Batting: RHB Caleb Lee
|
0-0: Foul Ball, location: 2F 0-1: Ball 1-1: Called Strike 1-2: Foul Ball, location: 2F 1-2: SINGLE (Groundball, 5D)
|
Batting: RHB Kevin Sanderson
|
0-0: Called Strike 0-1: Ball 1-1: Ball 2-1: Ball 3-1: Base on Balls Caleb Lee to second
|
Batting: SHB Ramón Pérez
|
0-0: Ball Single, Error in OF, E8, batter to second base Caleb Lee scores Kevin Sanderson to third
|
Batting: SHB Juan Blanco
|
0-0: Called Strike 0-1: Fly out, F8 (Flyball, 8LS)
|
Batting: RHB Luis Dávila
|
0-0: Ball 1-0: Ball 2-0: Called Strike 2-1: Ball 3-1: Foul Ball, location: 2F 3-2: Fly out, F8 (Flyball, 8RM) Runner from 3rd tags up, SCORES, throw made
|
Batting: RHB Esteban Garza
|
0-0: Called Strike Ramón Pérez is caught stealing 3rd base
|
Top of the 2nd over - 2 run(s), 2 hit(s), 1 error(s), 0 left on base; Durham 2 - Phoenix Hotspur 0 |
BOTTOM OF THE 2ND |
Phoenix Hotspur Youth batting - Pitching for Durham Rapiers : RHP Luis Cardona
|
Batting: LHB Cristo Aponte
|
0-0: Reached on Error, E6 (Popup, 56D)
|
Batting: SHB Pedro Gómez
|
0-0: Ball 1-0: Fly out, F7 (Flyball, 7LM)
|
Batting: RHB David Rivas
|
0-0: Ball 1-0: Fly out, F9 (Flyball, 9D)
|
Batting: RHB Jesús Mejía
|
0-0: Called Strike 0-1: Ball 1-1: Ball 2-1: Ball 3-1: DOUBLE (Line Drive, 7LS) Cristo Aponte to third Runner from 3rd tries for Home, SAFE, no throw or cutoff
|
Batting: RHB Satoshi Terada
|
0-0: Ball 1-0: Ball 2-0: Ball 3-0: Called Strike 3-1: Called Strike 3-2: Base on Balls
|
Batting: RHB Jesús Álvarez
|
0-0: Ball 1-0: Ball 2-0: Called Strike 2-1: Ball 3-1: Base on Balls Jesús Mejía to third Satoshi Terada to second
|
Batting: LHB Arthur Ryan
|
0-0: Swinging Strike 0-1: Ground out U3 (Groundball, 3)
|
Bottom of the 2nd over - 1 run(s), 1 hit(s), 1 error(s), 3 left on base; Durham 2 - Phoenix Hotspur 1 |
TOP OF THE 3RD |
Durham Rapiers batting - Pitching for Phoenix Hotspur Youth : RHP Jake Lambright
|
Batting: RHB Esteban Garza
|
0-0: Called Strike 0-1: Ball 1-1: Called Strike 1-2: Ball 2-2: Ball 3-2: Base on Balls
|
Batting: LHB Evan Nelson
|
0-0: Fly out, F8 (Flyball, 8RM)
|
Batting: RHB Luis Tapia
|
0-0: Ball 1-0: Called Strike 1-1: Foul Ball, location: 2F 1-2: Ball 2-2: Fielders Choice at 2nd, 1-6 (Groundball, 13)
|
Batting: RHB Harrison Blackford
|
0-0: Ball 1-0: Ground out 1-3 (Groundball, 13)
|
Top of the 3rd over - 0 run(s), 0 hit(s), 0 error(s), 1 left on base; Durham 2 - Phoenix Hotspur 1 |
BOTTOM OF THE 3RD |
Phoenix Hotspur Youth batting - Pitching for Durham Rapiers : RHP Luis Cardona
|
Batting: RHB António Padilla
|
0-0: Foul Ball, location: 2F 0-1: Ball 1-1: Ball 2-1: Fly out, F7 (Line Drive, 7M)
|
Batting: LHB Derek Blair
|
0-0: Ball 1-0: Ball 2-0: Ball 3-0: Called Strike 3-1: Base on Balls
|
Batting: LHB Cristo Aponte
|
0-0: Ball 1-0: Called Strike 1-1: Fielders Choice at 2nd, 6-4 (Groundball, 6M)
|
Batting: SHB Pedro Gómez
|
0-0: Called Strike 0-1: Ball 1-1: DOUBLE (Line Drive, 9LM) Cristo Aponte to third
|
Batting: RHB David Rivas
|
0-0: Called Strike 0-1: Ball 1-1: SINGLE (Flyball, 4MD) Cristo Aponte scores Pedro Gómez to third Runner from 3rd tries for Home, SAFE, no throw or cutoff
|
Batting: RHB Jesús Mejía
|
0-0: Ball David Rivas is caught stealing 2nd base
|
Bottom of the 3rd over - 2 run(s), 2 hit(s), 0 error(s), 0 left on base; Durham 2 - Phoenix Hotspur 3 |
TOP OF THE 4TH |
Durham Rapiers batting - Pitching for Phoenix Hotspur Youth : RHP Jake Lambright
|
Batting: RHB Caleb Lee
|
0-0: Called Strike 0-1: SINGLE (Groundball, 3)
|
Batting: RHB Kevin Sanderson
|
0-0: Ball 1-0: Ball 2-0: Called Strike 2-1: Fly out, F9 (Flyball, 89M)
|
Batting: SHB Ramón Pérez
|
0-0: Called Strike 0-1: Swinging Strike 0-2: Foul Ball, location: 2F 0-2: Strikes out swinging
|
Batting: SHB Juan Blanco
|
0-0: Ball 1-0: Called Strike 1-1: Ball 2-1: Foul Ball, location: 2F 2-2: Foul Ball, location: 2F 2-2: Ball 3-2: Foul Ball, location: 2F 3-2: Base on Balls Caleb Lee to second
|
Batting: RHB Luis Dávila
|
0-0: Fly out, F9 (Flyball, 89M)
|
Top of the 4th over - 0 run(s), 1 hit(s), 0 error(s), 2 left on base; Durham 2 - Phoenix Hotspur 3 |
BOTTOM OF THE 4TH |
Phoenix Hotspur Youth batting - Pitching for Durham Rapiers : RHP Luis Cardona
|
Batting: RHB Jesús Mejía
|
0-0: Ball 1-0: Swinging Strike 1-1: Called Strike 1-2: Foul Ball, location: 2F 1-2: Ball 2-2: Foul Ball, location: 2F 2-2: Foul Ball, location: 2F 2-2: Foul Ball, location: 2F 2-2: Ground out 4-3 (Groundball, 4)
|
Batting: RHB Satoshi Terada
|
0-0: Ball 1-0: Foul Ball, location: 2F 1-1: Called Strike 1-2: Foul Ball, location: 2F 1-2: Ball 2-2: Ball 3-2: Foul Ball, location: 2F 3-2: Hit by Pitch
|
Batting: RHB Jesús Álvarez
|
0-0: Ball 1-0: Fly out, F9 (Line Drive, 9M)
|
Batting: LHB Arthur Ryan
|
0-0: Called Strike 0-1: Ball 1-1: Swinging Strike 1-2: Foul Ball, location: 2F 1-2: Foul Ball, location: 2F 1-2: Ball 2-2: Ball 3-2: Foul Ball, location: 2F 3-2: Foul Ball, location: 2F 3-2: Base on Balls Satoshi Terada to second
|
Batting: RHB António Padilla
|
0-0: Called Strike 0-1: Called Strike 0-2: Ground out 1-3 (Groundball, 23)
|
Bottom of the 4th over - 0 run(s), 0 hit(s), 0 error(s), 2 left on base; Durham 2 - Phoenix Hotspur 3 |
TOP OF THE 5TH |
Durham Rapiers batting - Pitching for Phoenix Hotspur Youth : RHP Jake Lambright
|
Batting: RHB Esteban Garza
|
0-0: Foul Ball, location: 2F 0-1: Foul Ball, location: 2F 0-2: Ball 1-2: Fly out, F2 (Popup, 23F)
|
Batting: LHB Evan Nelson
|
0-0: Fly out, F8 (Flyball, 8LM)
|
Batting: RHB Luis Tapia
|
0-0: Ball 1-0: Ball 2-0: Foul Ball, location: 2F 2-1: Ball 3-1: DOUBLE (Line Drive, 9LM)
|
Batting: RHB Harrison Blackford
|
0-0: Ball 1-0: SINGLE (Flyball, 7LS) Luis Tapia to third
|
Batting: RHB Caleb Lee
|
0-0: Hit by Pitch Harrison Blackford to second
|
Batting: RHB Kevin Sanderson
|
0-0: Ball 1-0: Called Strike 1-1: Foul Ball, location: 2F 1-2: SINGLE (Groundball, 56D) Luis Tapia scores Harrison Blackford to third Caleb Lee to second Runner from 3rd tries for Home, SAFE, no throw or cutoff
|
Batting: SHB Ramón Pérez
|
0-0: Called Strike 0-1: Ball 1-1: Foul Ball, location: 2F 1-2: Ball 2-2: Ground out U3 (Groundball, 3S)
|
Top of the 5th over - 2 run(s), 3 hit(s), 0 error(s), 2 left on base; Durham 4 - Phoenix Hotspur 3 |
BOTTOM OF THE 5TH |
Phoenix Hotspur Youth batting - Pitching for Durham Rapiers : RHP Luis Cardona
|
Batting: LHB Derek Blair
|
0-0: Ball 1-0: Ground out 5-3 (Groundball, 56S)
|
Batting: LHB Cristo Aponte
|
0-0: Called Strike 0-1: Foul Ball, location: 2F 0-2: Foul Ball, location: 2F 0-2: Foul Ball, location: 2F 0-2: Ground out 1-3 (Groundball, 15)
|
Batting: SHB Pedro Gómez
|
0-0: Ball 1-0: Ball 2-0: Ball 3-0: Called Strike 3-1: Swinging Strike 3-2: Fly out, F8 (Flyball, 8RXD)
|
Bottom of the 5th over - 0 run(s), 0 hit(s), 0 error(s), 0 left on base; Durham 4 - Phoenix Hotspur 3 |
TOP OF THE 6TH |
Durham Rapiers batting - Pitching for Phoenix Hotspur Youth : RHP Jake Lambright
|
Batting: SHB Juan Blanco
|
0-0: Foul Ball, location: 2F 0-1: Called Strike 0-2: Foul Ball, location: 2F 0-2: Ball 1-2: Foul Ball, location: 2F 1-2: Ball 2-2: Ground out 1-3 (Groundball, 25)
|
Batting: RHB Luis Dávila
|
0-0: SINGLE (Flyball, 9LS)
|
Batting: RHB Esteban Garza
|
0-0: Ball 1-0: Fly out, F4 (Popup, 9S)
|
Batting: LHB Evan Nelson
|
Pickoff Throw to First - Error! E1 Luis Dávila to second 0-0: Ball 1-0: SINGLE (Flyball, 7LS) Luis Dávila to third Runner from 3rd tries for Home, SAFE, no throw or cutoff
|
Batting: RHB Luis Tapia
|
0-0: Called Strike 0-1: Ball 1-1: Ball 2-1: Ball 3-1: Foul Ball, location: 2F 3-2: Foul Ball, location: 2F 3-2: Base on Balls Evan Nelson to second
|
Batting: RHB Harrison Blackford
|
0-0: Ball 1-0: Ball 2-0: Fly out, F7 (Flyball, 7D)
|
Top of the 6th over - 1 run(s), 2 hit(s), 1 error(s), 2 left on base; Durham 5 - Phoenix Hotspur 3 |
BOTTOM OF THE 6TH |
Phoenix Hotspur Youth batting - Pitching for Durham Rapiers : RHP Luis Cardona
|
Batting: RHB David Rivas
|
0-0: Called Strike 0-1: Ball 1-1: Ball 2-1: Foul Ball, location: 2F 2-2: Fly out, F7 (Flyball, 78M)
|
Batting: RHB Jesús Mejía
|
0-0: Ball 1-0: Ball 2-0: Called Strike 2-1: Ball 3-1: Fly out, F7 (Line Drive, 7D)
|
Batting: RHB Satoshi Terada
|
0-0: Ball 1-0: Fly out, F8 (Flyball, 8LM)
|
Bottom of the 6th over - 0 run(s), 0 hit(s), 0 error(s), 0 left on base; Durham 5 - Phoenix Hotspur 3 |
TOP OF THE 7TH |
Durham Rapiers batting - Pitching for Phoenix Hotspur Youth : RHP Jake Lambright
|
Batting: RHB Caleb Lee
|
0-0: Called Strike 0-1: Foul Ball, location: 2F 0-2: Ball 1-2: Ball 2-2: Foul Ball, location: 2F 2-2: Foul Ball, location: 2F 2-2: Foul Ball, location: 2F 2-2: Ball 3-2: SINGLE (Line Drive, 6D)
|
Pitching: RHP Kevin Samuels
|
|
Batting: RHB Kevin Sanderson
|
0-0: Ball Caleb Lee is caught stealing 2nd base 1-0: Ball 2-0: Swinging Strike 2-1: Called Strike 2-2: Strikes out swinging
|
Batting: SHB Ramón Pérez
|
0-0: Called Strike 0-1: Ground out U3 (Groundball, 3L)
|
Top of the 7th over - 0 run(s), 1 hit(s), 0 error(s), 0 left on base; Durham 5 - Phoenix Hotspur 3 |
BOTTOM OF THE 7TH |
Phoenix Hotspur Youth batting - Pitching for Durham Rapiers : RHP Luis Cardona
|
Batting: RHB Jesús Álvarez
|
0-0: Ball 1-0: Foul Ball, location: 2F 1-1: Ball 2-1: Foul Ball, location: 2F 2-2: Fly out, F8 (Flyball, 8RM)
|
Batting: LHB Arthur Ryan
|
0-0: Called Strike 0-1: Ball 1-1: Ball 2-1: Ball 3-1: Base on Balls
|
Pitching: LHP Jeremy Petty
|
|
Batting: RHB António Padilla
|
0-0: Ball 1-0: Ball 2-0: Foul Ball, location: 2F 2-1: Foul Ball, location: 2F 2-2: Foul Ball, location: 2F 2-2: Ball 3-2: Strikes out swinging
|
Batting: LHB Derek Blair
|
0-0: Foul Ball, location: 2F 0-1: Ball 1-1: Fielders Choice at 2nd, 6-4 (Groundball, 6)
|
Bottom of the 7th over - 0 run(s), 0 hit(s), 0 error(s), 0 left on base; Durham 5 - Phoenix Hotspur 3 |
TOP OF THE 8TH |
Durham Rapiers batting - Pitching for Phoenix Hotspur Youth : RHP Kevin Samuels
|
Batting: SHB Juan Blanco
|
0-0: Ball 1-0: Ground out 4-3 (Groundball, 34)
|
Batting: RHB Luis Dávila
|
0-0: Ball 1-0: Swinging Strike 1-1: Ball 2-1: Foul Ball, location: 2F Single, Error in OF, E8, batter to second base
|
Batting: RHB Esteban Garza
|
0-0: Called Strike 0-1: Ground out 6-3 (Groundball, 6) Luis Dávila to third
|
Batting: LHB Evan Nelson
|
0-0: Called Strike 0-1: Foul Ball, location: 2F 0-2: Strikes out swinging
|
Top of the 8th over - 0 run(s), 1 hit(s), 1 error(s), 1 left on base; Durham 5 - Phoenix Hotspur 3 |
BOTTOM OF THE 8TH |
Phoenix Hotspur Youth batting - Pitching for Durham Rapiers : LHP Jeremy Petty
|
Batting: LHB Cristo Aponte
|
0-0: Foul Ball, location: 2F 0-1: Swinging Strike 0-2: Foul Ball, location: 2F 0-2: Strikes out looking
|
Batting: SHB Pedro Gómez
|
0-0: Ball 1-0: Foul Ball, location: 2F 1-1: Called Strike 1-2: Strikes out swinging
|
Batting: RHB David Rivas
|
0-0: SINGLE (Line Drive, 9LS)
|
Pitching: RHP Jeff Cox
|
|
Batting: RHB Jesús Mejía
|
0-0: Ball 1-0: Fly out, F8 (Flyball, 8RM)
|
Bottom of the 8th over - 0 run(s), 1 hit(s), 0 error(s), 1 left on base; Durham 5 - Phoenix Hotspur 3 |
TOP OF THE 9TH |
Durham Rapiers batting - Pitching for Phoenix Hotspur Youth : RHP Kevin Samuels
|
Batting: RHB Luis Tapia
|
0-0: Ball 1-0: Called Strike 1-1: Fly out, F5 (Popup, 15)
|
Batting: RHB Harrison Blackford
|
0-0: Fly out, F8 (Flyball, 8LM)
|
Batting: RHB Caleb Lee
|
0-0: SINGLE (Line Drive, 4D)
|
Batting: RHB Kevin Sanderson
|
0-0: Ball 1-0: Ball 2-0: Ball 3-0: Base on Balls Caleb Lee to second
|
Pinch Hitting: LHB Mayer Röhricht
|
0-0: Fly out, F8 (Flyball, 8LM)
|
Top of the 9th over - 0 run(s), 1 hit(s), 0 error(s), 2 left on base; Durham 5 - Phoenix Hotspur 3 |
BOTTOM OF THE 9TH |
Phoenix Hotspur Youth batting - Pitching for Durham Rapiers : RHP Jeff Cox
|
Pitching: LHP Jason Horne
|
|
Now in RF: Mayer Röhricht
|
|
Batting: RHB Satoshi Terada
|
0-0: SINGLE (Groundball, 34D)
|
Batting: RHB Jesús Álvarez
|
0-0: Swinging Strike 0-1: Called Strike 0-2: Ball 1-2: Foul Ball, location: 2F 1-2: Strikes out swinging
|
Batting: LHB Arthur Ryan
|
0-0: Ball 1-0: Swinging Strike 1-1: Foul Ball, location: 2F 1-2: Ball 2-2: Ball 3-2: SINGLE (Groundball, 4MD) (infield hit) Satoshi Terada to second
|
Pinch Runner at 2nd Dan Perkins:
|
|
Batting: RHB António Padilla
|
0-0: Ball 1-0: Foul Ball, location: 2F 1-1: Fly out, F8 (Flyball, 8RM)
|
Batting: LHB Derek Blair
|
0-0: SINGLE (Flyball, 6D) Dan Perkins to third Arthur Ryan to second Runner from 3rd tries for Home, SAFE, no throw or cutoff
|
Pinch Hitting: RHB Jim Unknown
|
0-0: Fly out, F7 (Flyball, 78M)
|
Bottom of the 9th over - 1 run(s), 3 hit(s), 0 error(s), 2 left on base; Durham 5 - Phoenix Hotspur 4 |
|